 Dungeon Crawl Stone Soup version 0.32-a0-699-g1ee5eff69a (webtiles) character file.

Game seed: 17013325045885021810

69 Alarak the Digger (level 4, -2/24 HPs)
             Began as a Gargoyle Earth Elementalist on Mar 14, 2024.
             Slain by a hobgoblin
             ... wielding the +2 halberd "Basishak" {venom, rPois Str+3 Int-5 Dex+3}
              (7 damage)
             ... on level 2 of the Dungeon.
             The game lasted 00:02:28 (1571 turns).

Alarak the Digger (Gargoyle Earth Elementalist)     Turns: 1571, Time: 00:02:28

Health: -2/24      AC:  6    Str: 12    XL:     4   Next: 20%
Magic:  4/7        EV: 11    Int: 17    God:
Gold:   93         SH:  0    Dex: 10    Spells: 6/7 levels left

rFire   . . .        f - +0 mace (protect)
rCold   . . .        (no shield)
rNeg    + . .        a - +0 robe
rPois   ∞            (no helmet)
rElec   +            h - +0 cloak
rCorr   .            (no gloves)
SInv    .            (no boots)
Will    .....        (no amulet)
Stlth   ++           (no ring)
HPRegen 0.24/turn    (no ring)
MPRegen 0.10/turn

%: no passive effects
@: no status effects
A: sickness immunity, AC +3, negative energy resistance 1, electricity
resistance, torment resistance 1, petrification resistance
a: no special abilities


You were on level 2 of the Dungeon.
You visited 1 branch of the dungeon, and saw 2 of its levels.

You collected 93 gold pieces.

Inventory:

Hand Weapons
 f - a +0 mace of protection (weapon)
Missiles
 d - 13 stones
Armour
 a - a +0 robe (worn)
 h - a +0 cloak (worn)
Jewellery
 e - a ring of fire
Potions
 b - a potion of magic
 c - a potion of curing {unknown}


   Skills:
 - Level 1.5 Dodging
 - Level 2.1 Stealth
 - Level 2.0 Spellcasting
 - Level 3.1 Conjurations
 + Level 4.8 Earth Magic


You had 6 spell levels left.
You knew the following spells:

 Your Spells              Type           Power      Damage    Failure   Level
a - Sandblast             Erth           36%        2d10      2%          1

Your spell library contained the following spells:

 Spells                   Type           Power      Damage    Failure   Level
 Passwall                 Erth           18%        N/A       8%          3
 Stone Arrow              Conj/Erth      30%        3d8       11%         3
 Necrotise                Necr           4%         1d4       19%         1
 Scorch                   Fire           2%         2d5       28%         2
 Brom's Barrelling Bould  Conj/Erth      15%        2d4       36%         4
 Vampiric Draining        Necr           1%         2d6       50%         3
 Petrify                  Alch/Erth      10%        N/A       56%         4
 Flame Wave               Conj/Fire      7%         2d5       69%         4
 Martyr's Knell           Necr/Summ      1%         N/A       88%         4
 Curse of Agony           Necr           1%         N/A       99%         5
 Summon Cactus Giant      Summ           0%         N/A       100%        6


Dungeon Overview and Level Annotations

Branches:
Dungeon (2/15)

Altars:

Shops:
D:2 !


Innate Abilities, Weirdness & Mutations

You are immune to sickness and miasma.
Your stone body is resilient. (AC +3)
You are immune to poison.
You resist negative energy. (rN+)
You are resistant to electric shocks. (rElec)
You are resistant to unholy torment.
You are immune to petrification.


Message History

You pick up a book of Necromancy and begin reading...
You add the spells Necrotise, Vampiric Draining, Martyr's Knell and Curse of Agony to your library.
You pick up a book of Scorching and begin reading...
You add the spells Scorch, Flame Wave and Summon Cactus Giant to your library.
You now have 93 gold pieces (gained 9).
A goblin comes into view. It is wielding a +0 club.
A goblin is nearby!
A goblin is nearby!
Okay, then.
The blast of sand hits the goblin!
You kill the goblin!
A hobgoblin and a rat come into view.
The hobgoblin is wielding the +2 halberd "Basishak" {venom, rPois Str+3 Int-5 Dex+3}.
Found Hono's Distillery.
The rat squeaks loudly.
A jackal comes into view.
There are monsters nearby!
There are monsters nearby!
There are monsters nearby!
A jackal comes into view.
The hobgoblin shouts!
The blast of sand hits the rat!
You kill the rat!
The jackal barks!
The hobgoblin barely misses you.
The blast of sand hits the jackal!
You kill the jackal!
The hobgoblin hits you from afar with the +2 halberd "Basishak"!
The blast of sand hits the jackal.
The jackal is lightly wounded.
The jackal bites you but does no damage.
The hobgoblin barely misses you. The jackal closely misses you.
The hobgoblin hits you from afar with the +2 halberd "Basishak"!
* * * LOW HITPOINT WARNING * * *
You are too injured to fight recklessly!
You are too injured to fight recklessly!
You are too injured to fight recklessly!
The jackal misses you.
The hobgoblin hits you with the +2 halberd "Basishak"!
You die...

♣.♣♣ ###.....#.# #.#
♣..♣ ........#.# #.#
♣♣.♣ ........#.###
####.# ♣.♣
........#...# ..##.#
♣♣♣.♣ ........#.#.#
#.#.##.# ♣...♣
.......#.#.# #.#)#..#
....♣ #.....#.#
#.#.#.## ...♣♣
..###...#.#.###.#.#.#
.♣♣♣
......h@#.....#.#.#.#
.♣
.....†.g#.#.....#.#.#
♣♣
........#.###...#...#
........#.# #......##
........#.# #.#...##
....#∩..#.# #.##..#
..........# #.##..#
#......... ......#
#.#.###


You could see a jackal and a hobgoblin.

Vanquished Creatures
  3 adders (D:2)
  A dart slug (D:1)
  3 ball pythons
  6 endoplasms
  2 giant cockroaches (D:1)
  4 goblins
  6 hobgoblins (D:1)
  A jackal (D:2)
  4 bats
  A frilled lizard (D:1)
  2 kobolds (D:1)
  4 rats
37 creatures vanquished.

Notes
Turn   | Place    | Note
-------+----------+-------------------------------------------
     0 | D:1      | Alarak the Gargoyle Earth Elementalist began the quest for
                  | the Orb.
     0 | D:1      | Reached XP level 1. HP: 10/10 MP: 3/3
   262 | D:1      | Reached XP level 2. HP: 15/15 MP: 3/5
   561 | D:1      | Reached XP level 3. HP: 19/19 MP: 4/6
  1285 | D:2      | Reached skill level 4 in Earth Magic
  1491 | D:2      | Reached XP level 4. HP: 24/24 MP: 5/7
  1566 | D:2      | Found Hono's Distillery.
  1566 | D:2      | Identified the +2 halberd "Basishak" {venom, rPois Str+3
                  | Int-5 Dex+3}
  1571 | D:2      | Slain by a hobgoblin

Illustrated notes

Levels and vault maps discovered:
D:1:      amcnicky_arrival_gap_in_the_tavern_cellar, layout_basic,
          serial_curves, eino_curves_04, eino_curves_04, minmay_hexomino_u4
D:2:      kb_forest_paths, layout_basic, serial_shops, shop

Skill      XL: |  1  2  3 |
---------------+----------+-----
Conjurations   | 2 3 |  3.1
Earth Magic    | 4 |  4.8
Dodging        | |  1.5
Stealth        | |  2.1
Spellcasting   | |  2.0

Action                     |  1- 3 |  4- 6 || total
---------------------------+-------+-------++-------
  Melee: Unarmed           |     5 |       ||     5
         Mace              |    12 |       ||    12
   Cast: Sandblast         |    48 |     4 ||    52
    Use: Scroll            |     2 |       ||     2
   Stab: Sleeping          |     2 |       ||     2
 Armour: Robe              |    20 |     4 ||    24
  Dodge: Dodged            |    24 |     4 ||    28

Table legend: (Time is in decaauts)
 A = Elapsed time spent in this place.
 B = Non-inter-level travel time spent in this place.
 C = Inter-level travel time spent in this place.
 D = Time resting spent in this place.
 E = Time spent auto-exploring this place.
 F = Levels seen in this place.
 G = Mean time per level.
                   A        B        C        D        E       F      G
               +--------+--------+--------+--------+--------+-----+--------+
         Total |   1601 |   1451 |    150 |      0 |   1251 |   2 |  800.5 |
       Dungeon |   1601 |   1451 |    150 |      0 |   1251 |   2 |  800.5 |
               +--------+--------+--------+--------+--------+-----+--------+

Top non-repeatable levels by time:
     D:1: 1287 daAuts
     D:2: 314 daAuts
